 Dungeon Crawl Stone Soup version 0.20.1-1-g8b1a95d (webtiles) character file.

71 Gremour the Chopper (level 4, -7/40 HPs)
             Began as a Hill Orc Fighter on Nov 9, 2017.
             Mangled by Crazy Yiuf
             ... wielding a +3 quarterstaff of chaos
              (13 damage)
             ... on level 2 of the Dungeon.
             The game lasted 00:05:40 (1228 turns).

Gremour the Chopper (Hill Orc Fighter)              Turns: 1228, Time: 00:05:40

Health: -7/40      AC:  6    Str: 18    XL:     4   Next: 24%
Magic:  4/4        EV:  7    Int:  8    God:
Gold:   97         SH:  9    Dex: 11    Spells: 3/3 levels left

rFire    . . .     SeeInvis .   a - +0 war axe
rCold    . . .     Gourm    .   c - +0 shield
rNeg     . . .     Faith    .   b - +0 scale mail
rPois    .         Spirit   .   (no helmet)
rElec    .         Reflect  .   (no cloak)
rCorr    .         Harm     .   (no gloves)
MR       .....                  (no boots)
Stlth    ..........             i - amulet of regeneration
Regen    0.6/turn               (no ring)
MPRegen  0.1/turn               (no ring)

@: slowed, very slow
A: no striking features
a: no special abilities


You were on level 2 of the Dungeon.
You were not hungry.

You visited 1 branch of the dungeon, and saw 2 of its levels.

You collected 97 gold pieces.

Inventory:

Hand Weapons
 a - a +0 war axe (weapon)
Armour
 b - a +0 scale mail (worn)
 c - a +0 shield (worn)
Jewellery
 i - an amulet of regeneration (around neck)
Scrolls
 e - 4 scrolls of identify {unknown}
 j - a scroll of blinking {unknown}
 k - 2 scrolls of remove curse {unknown}
 l - 2 scrolls of magic mapping {unknown}
 n - a scroll of fog {unknown}
 o - a scroll of teleportation {unknown}
 q - a scroll of recharging {unknown}
 r - a scroll of random uselessness {unknown}
Potions
 d - a potion of might
 g - a potion of flight {unknown}
 h - a potion of magic {unknown}
 m - 2 potions of heal wounds {unknown}
Comestibles
 f - 3 bread rations
 p - a royal jelly


   Skills:
 - Level 3.7 Fighting
 + Level 4.9 Axes
 - Level 3.5 Armour
 - Level 0.2 Dodging
 - Level 3.6 Shields


You had 3 spell levels left.
You didn't know any spells.

Dungeon Overview and Level Annotations

Branches:
Dungeon (2/15)

Altars:
Yredelemnul

Annotations:
D:2 Crazy Yiuf


Message History

Found a mace.
You block Crazy Yiuf's attack.
There is an open door here.
You hit Crazy Yiuf.
Crazy Yiuf is moderately wounded.
Crazy Yiuf hits you but does no damage.
You feel yourself slow down.
You hit Crazy Yiuf.
Crazy Yiuf is heavily wounded.
Crazy Yiuf hits you with a quarterstaff of chaos!
Crazy Yiuf freezes you.
Crazy Yiuf zaps a wand.
The puff of flame misses you.
It is a wand of flame (?/48).
You hit Crazy Yiuf.
Crazy Yiuf is heavily wounded.
Crazy Yiuf screams, "Key bush poople!"
Crazy Yiuf hits you with a quarterstaff of chaos!
* * * LOW HITPOINT WARNING * * *
Crazy Yiuf burns you.
* * * LOW HITPOINT WARNING * * *
Crazy Yiuf hits you with a quarterstaff of chaos!
You die...

####### ####
♣♣#### ......##
#)..#♣♣ ♣♣.#..##
.......##
#..g@.♣♣♣♣......#
........#
#...#♣..♣.......#
........# ####
♣♣♣.♣..#.#.#
..[.....#
♣♣♣♣♣###.#
........### #.#
....(.....# ##.#
.......#.## #..#
.......#.# ##.##
.........# #..#


You could see Crazy Yiuf.

Vanquished Creatures
  3 adders (D:2)
  An ooze (D:1)
  2 dart slugs (D:2)
  A leopard gecko (D:1)
  A ball python (D:2)
  3 bats
  3 giant cockroaches (D:1)
  3 hobgoblins
  2 kobolds
  A quokka (D:2)
  A frilled lizard (D:2)
  5 goblins
  11 rats
37 creatures vanquished.

Notes
Turn   | Place    | Note
-------+----------+-------------------------------------------
     0 | D:1      | Gremour the Hill Orc Fighter began the quest for the Orb.
     0 | D:1      | Reached XP level 1. HP: 19/19 MP: 1/1
   115 | D:1      | Reached XP level 2. HP: 23/27 MP: 2/2
   140 | D:1      | Reached skill level 3 in Axes
   563 | D:1      | Reached XP level 3. HP: 33/33 MP: 3/3
   826 | D:2      | Found a basalt altar of Yredelemnul.
   951 | D:2      | Reached skill level 4 in Axes
  1062 | D:2      | Reached XP level 4. HP: 34/40 MP: 4/4
  1220 | D:2      | Found a runed door.
  1224 | D:2      | Noticed Crazy Yiuf
  1228 | D:2      | Mangled by Crazy Yiuf

Skill      XL: |  1  2  3 |
---------------+----------+-----
Axes           | 3 4 |  4.9
Fighting       | |  3.7
Armour         | |  3.5
Dodging        | |  0.2
Shields        | |  3.6

Action                   |  1- 3 |  4- 6 || total
-------------------------+-------+-------++-------
Melee: War axe           |   101 |     9 ||   110
  Eat: Chunk             |     1 |       ||     1
Armor: Scale mail        |    44 |     3 ||    47
Dodge: Dodged            |    20 |     3 ||    23
Block: Shield            |    61 |     6 ||    67
